| TOP OF THE 1ST |
|
Connecticut Tigers batting - Pitching for Hudson Valley Renegades : LHP Jake Fields
|
|
Pitching: LHP Jake Fields
|
|
|
Batting: RHB Yaremka Rzhevsky
|
0-0: Ball 1-0: Ball 2-0: Called Strike 2-1: Ground out 5-3 (Groundball, 5, EV 94.4 MPH)
|
|
Batting: LHB Jon Pedlar
|
0-0: Called Strike 0-1: Fly out, F8 (Flyball, 8LD, EV 103.8 MPH)
|
|
Batting: RHB Sam Saunders
|
0-0: Ball 1-0: Foul Ball, location: 2F 1-1: Ball 2-1: Ball 3-1: Base on Balls
|
|
Batting: RHB Trevor Mock
|
0-0: Called Strike Sam Saunders is caught stealing 2nd base 2-4
|
| Top of the 1st over - 0 runs, 0 hits, 0 errors, 0 left on base; Connecticut 0 - Hudson Valley 0 |
| BOTTOM OF THE 1ST |
|
Hudson Valley Renegades batting - Pitching for Connecticut Tigers : RHP Neel Verhelst
|
|
Pitching: RHP Neel Verhelst
|
|
|
Batting: SHB Chris Lockart
|
0-0: Ball 1-0: Called Strike 1-1: Swinging Strike 1-2: Ball 2-2: Ball 3-2: Foul Ball, location: 2F 3-2: Base on Balls
|
|
Batting: SHB Joshua Jackson
|
0-0: Called Strike 0-1: Ball Chris Lockart steals 2nd base (no throw) 1-1: Fly out, F8 (Flyball, 8RD, EV 97.5 MPH)
|
|
Batting: RHB Joe Hartigan
|
0-0: Called Strike 0-1: Ball 1-1: Ball 2-1: Ball 3-1: Foul Ball, location: 2F 3-2: SINGLE (Groundball, 34D, EV 110.6 MPH) Chris Lockart to third Runner from 3rd tries for Home, SAFE, throw by RF to home Joe Hartigan to second
|
|
Batting: LHB Jonathan Spino
|
0-0: Ball Wild Pitch! Joe Hartigan to third 1-0: Ball 2-0: Foul Ball, location: 2F 2-1: Swinging Strike 2-2: Ball 3-2: Strikes out swinging
|
|
Batting: RHB Alex Koral
|
0-0: Ball 1-0: Called Strike 1-1: Ball 2-1: Foul Ball, location: 2F 2-2: Foul Ball, location: 2F 2-2: Foul Ball, location: 2F 2-2: Fly out, F2 (Popup, 3SF, EV 79.4 MPH)
|
| Bottom of the 1st over - 1 run, 1 hit, 0 errors, 1 left on base; Connecticut 0 - Hudson Valley 1 |
| TOP OF THE 2ND |
|
Connecticut Tigers batting - Pitching for Hudson Valley Renegades : LHP Jake Fields
|
|
Batting: RHB Trevor Mock
|
0-0: Called Strike 0-1: Ball 1-1: Ball 2-1: Foul Ball, location: 2F 2-2: Strikes out looking
|
|
Batting: RHB Josh Lyon
|
0-0: Ground out 6-3 (Groundball, 6, EV 85.6 MPH)
|
|
Batting: RHB Tony Nunez
|
0-0: Ball 1-0: Swinging Strike 1-1: Foul Ball, location: 2F 1-2: Ball 2-2: Foul Ball, location: 2F 2-2: Ball 3-2: Strikes out swinging passed ball, reaches first!
|
|
Batting: RHB Brandon Everett
|
0-0: Foul Ball, location: 2F 0-1: Called Strike 0-2: Strikes out swinging
|
| Top of the 2nd over - 0 runs, 0 hits, 0 errors, 1 left on base; Connecticut 0 - Hudson Valley 1 |
| BOTTOM OF THE 2ND |
|
Hudson Valley Renegades batting - Pitching for Connecticut Tigers : RHP Neel Verhelst
|
|
Batting: RHB Wan-ling Zhu
|
0-0: Ball 1-0: Called Strike 1-1: Swinging Strike 1-2: Fly out, F9 (Line Drive, 9, EV 98.8 MPH)
|
|
Batting: RHB Mikey Sano
|
0-0: Called Strike 0-1: Ball 1-1: Ball 2-1: Foul Ball, location: 2F 2-2: Fly out, F7 (Flyball, 78D, EV 85.0 MPH)
|
|
Batting: RHB Chris Glavin
|
0-0: Called Strike 0-1: Ball 1-1: SINGLE (Groundball, 56D, EV 102.5 MPH)
|
|
Batting: RHB Greg Grayson
|
0-0: Ball 1-0: Ball Chris Glavin steals 2nd base 2-0: Ground out 4-3 (Groundball, 4, EV 106.9 MPH)
|
| Bottom of the 2nd over - 0 runs, 1 hit, 0 errors, 1 left on base; Connecticut 0 - Hudson Valley 1 |
| TOP OF THE 3RD |
|
Connecticut Tigers batting - Pitching for Hudson Valley Renegades : LHP Jake Fields
|
|
Batting: LHB Ryan Adams
|
0-0: Ball 1-0: Ball 2-0: Ball 3-0: Called Strike 3-1: Base on Balls
|
|
Batting: LHB Isao Fukui
|
0-0: Ball 1-0: Called Strike 1-1: Foul Ball, location: 2F 1-2: Ball 2-2: Strikes out swinging
|
|
Batting: RHB Yaremka Rzhevsky
|
0-0: Ball 1-0: Ball 2-0: Called Strike 2-1: Ball 3-1: Base on Balls Ryan Adams to second
|
|
Batting: LHB Jon Pedlar
|
0-0: Swinging Strike 0-1: Ball 1-1: Foul Ball, location: 2F 1-2: Ball 2-2: Foul Ball, location: 2F 2-2: Foul Ball, location: 2F 2-2: Ball 3-2: Base on Balls Ryan Adams to third Yaremka Rzhevsky to second
|
|
Batting: RHB Sam Saunders
|
0-0: Ball 1-0: Ball 2-0: Foul Ball, location: 2F 2-1: Called Strike 2-2: Ball 3-2: SINGLE (Groundball, 34D, EV 96.9 MPH) Ryan Adams scores Yaremka Rzhevsky to third Jon Pedlar to second
|
|
Batting: RHB Trevor Mock
|
0-0: Ball 1-0: Fielders Choice at 2nd, 3-6 (Groundball, 34, EV 107.5 MPH) Yaremka Rzhevsky scores Jon Pedlar to third
|
|
Batting: RHB Josh Lyon
|
0-0: Ball 1-0: Called Strike 1-1: Ball 2-1: Ball 3-1: Foul Ball, location: 2F 3-2: Base on Balls Trevor Mock to second
|
|
Batting: RHB Tony Nunez
|
0-0: Swinging Strike 0-1: Swinging Strike 0-2: Strikes out swinging
|
| Top of the 3rd over - 2 runs, 1 hit, 0 errors, 3 left on base; Connecticut 2 - Hudson Valley 1 |
| BOTTOM OF THE 3RD |
|
Hudson Valley Renegades batting - Pitching for Connecticut Tigers : RHP Neel Verhelst
|
|
Batting: SHB Chris Lockart
|
0-0: Ground out U3 (Groundball, 3, EV 80.6 MPH)
|
|
Batting: SHB Joshua Jackson
|
0-0: Ball 1-0: Foul Ball, location: 2F 1-1: SINGLE (Groundball, 4MD, EV 100.6 MPH)
|
|
Batting: RHB Joe Hartigan
|
0-0: Called Strike 0-1: Ball 1-1: Hit by Pitch Joshua Jackson to second
|
|
Batting: LHB Jonathan Spino
|
0-0: Called Strike 0-1: Foul Ball, location: 2F 0-2: Fly out, F8 (Line Drive, 78M, EV 87.5 MPH)
|
|
Batting: RHB Alex Koral
|
0-0: Foul Ball, location: 2F 0-1: Called Strike 0-2: Ball 1-2: Ground out 5-3 (Groundball, 5S, EV 65.0 MPH)
|
| Bottom of the 3rd over - 0 runs, 1 hit, 0 errors, 2 left on base; Connecticut 2 - Hudson Valley 1 |
| TOP OF THE 4TH |
|
Connecticut Tigers batting - Pitching for Hudson Valley Renegades : LHP Jake Fields
|
|
Batting: RHB Brandon Everett
|
0-0: Ball 1-0: Foul Ball, location: 2F 1-1: Called Strike 1-2: Ball 2-2: SINGLE (Groundball, 6M, EV 103.1 MPH)
|
|
Batting: LHB Ryan Adams
|
0-0: Called Strike 0-1: Ball 1-1: Called Strike 1-2: Ball 2-2: Foul Ball, location: 2F 2-2: Foul Ball, location: 2F 2-2: DOUBLE (Groundball, 5L, EV 95.6 MPH) Brandon Everett to third
|
|
Batting: LHB Isao Fukui
|
0-0: Called Strike 0-1: Ball 1-1: Foul Ball, location: 2F 1-2: Ground out 6-3 (Groundball, 4M, EV 88.8 MPH) Brandon Everett scores Ryan Adams to third
|
|
Batting: RHB Yaremka Rzhevsky
|
0-0: Foul Ball, location: 2F 0-1: Ground out 4-3 (Groundball, 4, EV 84.4 MPH) Ryan Adams scores
|
|
Batting: LHB Jon Pedlar
|
0-0: Called Strike 0-1: Swinging Strike 0-2: Ball 1-2: Ball 2-2: Ball 3-2: Foul Ball, location: 2F 3-2: Base on Balls
|
|
Batting: RHB Sam Saunders
|
0-0: Fielders Choice at 2nd, 6-4 (Groundball, 6, EV 103.8 MPH)
|
| Top of the 4th over - 2 runs, 2 hits, 0 errors, 1 left on base; Connecticut 4 - Hudson Valley 1 |
| BOTTOM OF THE 4TH |
|
Hudson Valley Renegades batting - Pitching for Connecticut Tigers : RHP Neel Verhelst
|
|
Batting: RHB Wan-ling Zhu
|
0-0: SINGLE (Line Drive, 5D, EV 98.8 MPH)
|
|
Batting: RHB Mikey Sano
|
0-0: Foul Ball, location: 2F 0-1: Ball 1-1: Swinging Strike 1-2: Ball 2-2: Fly out, F8 (Flyball, 8LD, EV 83.8 MPH)
|
|
Batting: RHB Chris Glavin
|
0-0: Swinging Strike 0-1: Ball 1-1: Called Strike 1-2: Fielders Choice at 2nd, 6-4 (Groundball, 6, EV 91.2 MPH)
|
|
Batting: RHB Greg Grayson
|
0-0: Ball 1-0: Ball Chris Glavin steals 2nd base 2-0: Called Strike 2-1: Foul Ball, location: 2F 2-2: Ball 3-2: SINGLE (Groundball, 5D, EV 101.9 MPH) Chris Glavin to third Runner from 3rd tries for Home, SAFE, throw by LF to home Greg Grayson to second
|
|
Batting: SHB Chris Lockart
|
0-0: Swinging Strike 0-1: Ball 1-1: Foul Ball, location: 2F 1-2: Ball 2-2: Strikes out looking
|
| Bottom of the 4th over - 1 run, 2 hits, 0 errors, 1 left on base; Connecticut 4 - Hudson Valley 2 |
| TOP OF THE 5TH |
|
Connecticut Tigers batting - Pitching for Hudson Valley Renegades : LHP Jake Fields
|
|
Batting: RHB Trevor Mock
|
0-0: Ball 1-0: Ball 2-0: Ball 3-0: Base on Balls
|
|
Batting: RHB Josh Lyon
|
0-0: Ball Trevor Mock steals 2nd base (no throw) 1-0: SINGLE (Groundball, 3D, EV 96.2 MPH) Trevor Mock to third Runner from 3rd tries for Home, SAFE, throw by RF to home Josh Lyon to second
|
|
Pitching: LHP John Schmidt
|
|
|
Batting: RHB Tony Nunez
|
0-0: Ball 1-0: Called Strike 1-1: Called Strike 1-2: Ball 2-2: Strikes out swinging
|
|
Batting: RHB Brandon Everett
|
0-0: Ball 1-0: Ground out 5-3 (Groundball, 56, EV 78.1 MPH)
|
|
Batting: LHB Ryan Adams
|
0-0: Ball 1-0: Ball Wild Pitch! Josh Lyon to third 2-0: Fly out, F9 (Flyball, 9D, EV 91.2 MPH)
|
| Top of the 5th over - 1 run, 1 hit, 0 errors, 1 left on base; Connecticut 5 - Hudson Valley 2 |
| BOTTOM OF THE 5TH |
|
Hudson Valley Renegades batting - Pitching for Connecticut Tigers : RHP Neel Verhelst
|
|
Batting: SHB Joshua Jackson
|
0-0: Called Strike 0-1: Foul Ball, location: 2F 0-2: Ball 1-2: Foul Ball, location: 2F 1-2: Ball 2-2: Fly out, F4 (Line Drive, 4, EV 65.6 MPH)
|
|
Pitching: RHP Sho Sekine
|
|
|
Batting: RHB Joe Hartigan
|
0-0: Ball 1-0: Foul Ball, location: 2F 1-1: Called Strike 1-2: Fly out, F8 (Flyball, 8RM, EV 90.0 MPH)
|
|
Batting: LHB Jonathan Spino
|
0-0: Ball 1-0: Ball 2-0: Swinging Strike 2-1: Foul Ball, location: 2F 2-2: Foul Ball, location: 2F 2-2: Ball 3-2: Strikes out swinging
|
| Bottom of the 5th over - 0 runs, 0 hits, 0 errors, 0 left on base; Connecticut 5 - Hudson Valley 2 |
| TOP OF THE 6TH |
|
Connecticut Tigers batting - Pitching for Hudson Valley Renegades : LHP John Schmidt
|
|
Batting: LHB Isao Fukui
|
0-0: Ball 1-0: Ground out U3 (Groundball, 3, EV 85.6 MPH)
|
|
Batting: RHB Yaremka Rzhevsky
|
0-0: Fly out, F9 (Flyball, 9D, EV 95.6 MPH)
|
|
Batting: LHB Jon Pedlar
|
0-0: Ball 1-0: Ball 2-0: Ground out U3 (Groundball, 3L, EV 105.0 MPH)
|
| Top of the 6th over - 0 runs, 0 hits, 0 errors, 0 left on base; Connecticut 5 - Hudson Valley 2 |
| BOTTOM OF THE 6TH |
|
Hudson Valley Renegades batting - Pitching for Connecticut Tigers : RHP Sho Sekine
|
|
Batting: RHB Alex Koral
|
0-0: Ball 1-0: Foul Ball, location: 2F 1-1: Swinging Strike 1-2: Foul Ball, location: 2F 1-2: DOUBLE (Line Drive, 8LXD, EV 109.4 MPH)
|
|
Batting: RHB Wan-ling Zhu
|
0-0: Ball 1-0: Fly out, F8 (Flyball, 8RD, EV 91.9 MPH)
|
|
Batting: RHB Mikey Sano
|
0-0: Foul Ball, location: 2F 0-1: Foul Ball, location: 2F 0-2: Foul Ball, location: 2F 0-2: SINGLE (Groundball, 56, EV 93.8 MPH) Alex Koral to third Runner from 3rd tries for Home, throw by LF and OUT! 7-2
|
|
Pitching: LHP Satoru Mori
|
|
|
Batting: RHB Chris Glavin
|
0-0: Called Strike 0-1: Ball 1-1: Called Strike 1-2: Ball 2-2: Foul Ball, location: 2F 2-2: Foul Ball, location: 2F 2-2: Foul Ball, location: 2F Balk! Mikey Sano to second 2-2: Ground out 6-3 (Groundball, 6, EV 103.1 MPH)
|
| Bottom of the 6th over - 0 runs, 2 hits, 0 errors, 1 left on base; Connecticut 5 - Hudson Valley 2 |
| TOP OF THE 7TH |
|
Connecticut Tigers batting - Pitching for Hudson Valley Renegades : LHP John Schmidt
|
|
Batting: RHB Sam Saunders
|
0-0: Ball 1-0: Ball 2-0: Called Strike 2-1: Foul Ball, location: 2F 2-2: Foul Ball, location: 2F 2-2: Foul Ball, location: 2F 2-2: Ball 3-2: SINGLE (Groundball, 6MD, EV 95.6 MPH)
|
|
Pitching: LHP Chris Bates
|
|
|
Batting: RHB Trevor Mock
|
0-0: Foul Ball, location: 2F 0-1: Foul Ball, location: 2F 0-2: Ball 1-2: Strikes out swinging
|
|
Batting: RHB Josh Lyon
|
0-0: Ball 1-0: Foul Ball, location: 2F 1-1: Ball 2-1: Swinging Strike 2-2: Foul Ball, location: 2F 2-2: Foul Ball, location: 2F 2-2: Foul Ball, location: 2F 2-2: Ball 3-2: Foul Ball, location: 2F 3-2: SINGLE (Line Drive, 9LS, EV 108.8 MPH) Sam Saunders to second Sam Saunders to third
|
|
Batting: RHB Tony Nunez
|
0-0: Called Strike 0-1: SINGLE (Flyball, 56D, EV 82.5 MPH) Sam Saunders scores Josh Lyon to second
|
|
Batting: RHB Brandon Everett
|
0-0: Called Strike 0-1: Ball 1-1: Foul Ball, location: 2F Balk! Josh Lyon to third Tony Nunez to second 1-2: Strikes out looking
|
|
Batting: LHB Ryan Adams
|
0-0: Foul Ball, location: 2F 0-1: SINGLE (Groundball, 25, EV 70.6 MPH) (infield hit) Josh Lyon scores Tony Nunez to third
|
|
Batting: LHB Isao Fukui
|
0-0: Swinging Strike 0-1: Swinging Strike 0-2: Ball 1-2: Strikes out swinging
|
| Top of the 7th over - 2 runs, 4 hits, 0 errors, 2 left on base; Connecticut 7 - Hudson Valley 2 |
| BOTTOM OF THE 7TH |
|
Hudson Valley Renegades batting - Pitching for Connecticut Tigers : LHP Satoru Mori
|
|
Batting: RHB Greg Grayson
|
0-0: Called Strike 0-1: Ball 1-1: Foul Ball, location: 2F 1-2: Ball 2-2: Strikes out swinging
|
|
Batting: SHB Chris Lockart
|
0-0: Ball 1-0: Foul Ball, location: 2F 1-1: Foul Ball, location: 2F 1-2: Ball 2-2: Foul Ball, location: 2F 2-2: Foul Ball, location: 2F 2-2: Foul Ball, location: 2F 2-2: Strikes out looking
|
|
Batting: SHB Joshua Jackson
|
0-0: Called Strike 0-1: Called Strike 0-2: Ball 1-2: Ground out 6-3 (Groundball, 6, EV 106.2 MPH)
|
| Bottom of the 7th over - 0 runs, 0 hits, 0 errors, 0 left on base; Connecticut 7 - Hudson Valley 2 |
| TOP OF THE 8TH |
|
Connecticut Tigers batting - Pitching for Hudson Valley Renegades : LHP Chris Bates
|
|
Batting: RHB Yaremka Rzhevsky
|
0-0: Called Strike 0-1: Ground out 6-3 (Groundball, 6, EV 90.0 MPH)
|
|
Batting: LHB Jon Pedlar
|
0-0: Ball 1-0: Ball 2-0: Ground out U3 (Groundball, 3S, EV 87.5 MPH)
|
|
Batting: RHB Sam Saunders
|
0-0: Called Strike 0-1: Foul Ball, location: 2F 0-2: Foul Ball, location: 2F 0-2: Ball 1-2: Ball 2-2: Strikes out looking
|
| Top of the 8th over - 0 runs, 0 hits, 0 errors, 0 left on base; Connecticut 7 - Hudson Valley 2 |
| BOTTOM OF THE 8TH |
|
Hudson Valley Renegades batting - Pitching for Connecticut Tigers : LHP Satoru Mori
|
|
Batting: RHB Joe Hartigan
|
0-0: Ball 1-0: Ball 2-0: Ball 3-0: Base on Balls
|
|
Pitching: LHP Jayden Carey
|
|
|
Batting: LHB Jonathan Spino
|
0-0: Called Strike 0-1: Ball 1-1: Foul Ball, location: 2F 1-2: Strikes out swinging
|
|
Batting: RHB Alex Koral
|
0-0: Swinging Strike 0-1: Ball 1-1: Called Strike 1-2: Fly out, F9 (Flyball, 89M, EV 88.1 MPH)
|
|
Batting: RHB Wan-ling Zhu
|
0-0: Ball 1-0: Swinging Strike 1-1: Ball 2-1: Foul Ball, location: 2F 2-2: Ball 3-2: Base on Balls Joe Hartigan to second
|
|
Batting: RHB Mikey Sano
|
0-0: Ball Passed Ball! Joe Hartigan to third Wan-ling Zhu to second 1-0: Ball 2-0: Swinging Strike 2-1: Ball 3-1: Called Strike 3-2: Strikes out swinging
|
| Bottom of the 8th over - 0 runs, 0 hits, 0 errors, 2 left on base; Connecticut 7 - Hudson Valley 2 |
| TOP OF THE 9TH |
|
Connecticut Tigers batting - Pitching for Hudson Valley Renegades : LHP Chris Bates
|
|
Batting: RHB Trevor Mock
|
0-0: Called Strike 0-1: Ball 1-1: Swinging Strike 1-2: Strikes out swinging
|
|
Batting: RHB Josh Lyon
|
0-0: Foul Ball, location: 2F 0-1: Fly out, F8 (Flyball, 78XD, EV 97.5 MPH)
|
|
Batting: RHB Tony Nunez
|
0-0: Ball 1-0: Ground out 5-3 (Groundball, 56, EV 84.4 MPH)
|
| Top of the 9th over - 0 runs, 0 hits, 0 errors, 0 left on base; Connecticut 7 - Hudson Valley 2 |
| BOTTOM OF THE 9TH |
|
Hudson Valley Renegades batting - Pitching for Connecticut Tigers : LHP Jayden Carey
|
|
Batting: RHB Chris Glavin
|
0-0: Ball 1-0: Swinging Strike 1-1: Ball 2-1: Called Strike 2-2: Strikes out swinging, 2-3 out at first.
|
|
Pinch Hitting: LHB Mario Ocana
|
0-0: Ground out 4-3 (Groundball, 4, EV 81.9 MPH)
|
|
Batting: SHB Chris Lockart
|
0-0: Ball 1-0: Ball 2-0: Ball 3-0: Called Strike 3-1: Base on Balls
|
|
Pitching: RHP Matt Haberle
|
|
|
Batting: SHB Joshua Jackson
|
0-0: Foul Ball, location: 2F 0-1: Swinging Strike 0-2: Ball 1-2: Strikes out swinging
|
| Bottom of the 9th over - 0 runs, 0 hits, 0 errors, 1 left on base; Connecticut 7 - Hudson Valley 2 |
|